 Dungeon Crawl Stone Soup version 0.20-a0-345-gbfb25ec (webtiles) character file.

2513 snakesoul the Cleaver (level 9, -6/72 HPs)
             Began as a Demonspawn Fighter on Dec 22, 2016.
             Was a Believer of Cheibriados.
             Mangled by wazuzu's ghost (10 damage)
             ... on level 7 of the Dungeon.
             The game lasted 00:12:52 (7912 turns).

snakesoul the Cleaver (Demonspawn Fighter)          Turns: 7912, Time: 00:12:54

Health: -6/72      AC: 20    Str: 18    XL:     9   Next: 29%
Magic:  9/9        EV: 12    Int: 13    God:    Cheibriados [**....]
Gold:   306        SH:  0    Dex: 25    Spells: 8/8 levels left

rFire  . . .     SeeInvis +     w - +0 battleaxe
rCold  . . .     Gourm    .     K - +0 chain mail
rNeg   . . .     Faith    .     (shield currently unavailable)
rPois  +         Spirit   .     (helmet restricted)
rElec  .         Reflect  .     H - +2 cloak
rCorr  +         Harm     .     (no gloves)
MR     +....                    y - +0 pair of boots
Stlth  +.........               p - amulet of regeneration
                                (no ring)
                                D - ring of Roga Yt Wei {rCorr rPois MR+ Str-3 SInv}

@: agile, sanguine armour, drained, very slow
A: horns 2, nightstalker 1, powered by pain 2, sanguine armour 1
a: Bend Time, Renounce Religion


You were on level 7 of the Dungeon.
You worshipped Cheibriados.
Cheibriados was pleased with you.
You were not hungry.

You visited 2 branches of the dungeon, and saw 8 of its levels.
You also visited: Sewer.

You collected 306 gold pieces.

Inventory:

Hand Weapons
 a - a +0 war axe
 w - a +0 battleaxe (weapon)
Armour
 b - a +0 scale mail
 c - a +0 shield
 y - a +0 pair of boots (worn)
 H - a +2 cloak (worn)
 K - a +0 chain mail (worn)
Jewellery
 p - an amulet of regeneration (around neck)
 D - the ring of Roga Yt Wei (left hand) {rCorr rPois MR+ Str-3 SInv}
   (You found it on level 5 of the Dungeon)

   [ring of resist corrosion]

   It affects your strength (-3).
   It protects you from poison.
   It affects your resistance to hostile enchantments.
   It lets you see invisible.
Wands
 G - a wand of iceblast (9/15)
Scrolls
 e - 5 scrolls of identify
 h - 3 scrolls of fear {unknown}
 i - 3 scrolls of amnesia
 j - 2 scrolls of teleportation {unknown}
 n - 5 scrolls of remove curse {unknown}
 o - a scroll of enchant weapon {unknown}
 q - 3 scrolls of enchant armour {unknown}
 t - 2 scrolls of blinking {unknown}
Potions
 d - a potion of might
 k - 2 potions of haste {unknown}
 m - 5 potions of resistance {unknown}
 r - 5 potions of curing {unknown}
 u - 3 potions of lignification {unknown}
 v - 2 potions of agility {unknown}
 x - a potion of magic {unknown}
 A - a potion of ambrosia {unknown}
 B - a potion of mutation {unknown}
 C - a potion of flight {unknown}
 E - 2 potions of heal wounds {unknown}
 F - a potion of degeneration {unknown}
Books
 J - a book of Battle

   Spells                             Type                      Level
   a - Infusion                       Charms                       1
   b - Shroud of Golubria             Charms/Translocation         2
   c - Song of Slaying                Charms                       2
   d - Spectral Weapon                Hexes/Charms                 3
   e - Regeneration                   Charms/Necromancy            3
Comestibles
 f - 3 bread rations
 g - a slice of pizza
 l - 3 royal jellies
 s - 2 fruits
 z - 3 meat rations
 I - 15 chunks of flesh


   Skills:
 + Level 7.0(6.9) Fighting
 * Level 8.4 Axes
 + Level 6.3(6.2) Armour
 - Level 2.7 Shields


You had 8 spell levels left.
You didn't know any spells.

Dungeon Overview and Level Annotations

Branches:
Dungeon (7/15)             Temple (1/1) D:4

Altars:
Ashenzari
Cheibriados
Dithmenos
Elyvilon
Fedhas
Gozag
Hepliaklqana
Kikubaaqudgha
Nemelex Xobeh
Okawaru
Qazlal
Ru
Sif Muna
Trog
Uskayaw
Xom
Zin
The Shining One

Annotations:
D:7 wazuzu's ghost, novice MiMo


Innate Abilities, Weirdness & Mutations

You have a pair of horns on your head.
You are slightly more attuned to the shadows.
You sometimes gain power by taking damage.
When seriously injured, your bleeding wounds create armour. (AC +6)


Message History

* * * LOW HITPOINT WARNING * * *
Unknown command.
You miss wazuzu's ghost.
Wazuzu's ghost is severely damaged.
Wazuzu's ghost barely misses you.
Wazuzu's ghost whispers, "The ORB doesn't exist."
Wazuzu's ghost hits you!
* * * LOW HITPOINT WARNING * * *
Unknown command.
Unknown command.
You hit wazuzu's ghost but do no damage.
Your headbutt misses wazuzu's ghost.
Wazuzu's ghost is severely damaged.
Wazuzu's ghost hits you.
* * * LOW HITPOINT WARNING * * *
Unknown command.
You slash wazuzu's ghost! You headbutt wazuzu's ghost.
Wazuzu's ghost is almost destroyed.
Wazuzu's ghost hits you!
You die...

#........
#.......>
........
........
######.......
#.....W.<....
#.@......
#........
#........
######........
#.............
..#.####.......#
######
#...............
.....#
###.###)≈≈≈≈≈≈≈
....)#####.#
#.)#####≈


You could see wazuzu's ghost.

Vanquished Creatures
  Grinder (D:6)
  Sigmund (D:4)
  A water moccasin (D:6)
  An orc warrior (D:7)
  2 phantoms
  4 ogres
  3 centaurs
  Blork the orc (D:4)
  A wyvern skeleton (D:7)
  A scorpion (D:6)
  2 wights (D:7)
  6 hounds
  A quasit (D:7)
  A jelly (D:7)
  Crazy Yiuf (D:6)
  A centaur skeleton (D:6)
  An orc priest (D:4)
  6 orc wizards
  4 worker ants
  A hound zombie (D:7)
  4 gnolls (D:3)
  A howler monkey skeleton (D:6)
  13 adders
  A river rat (D:3)
  2 shadow imps
  2 oozes
  An adder skeleton (D:4)
  3 worms
  2 dart slugs
  6 leopard geckos
  23 orcs
  2 ball pythons
  12 giant cockroaches
  11 goblins
  6 hobgoblins
  6 jackals
  8 kobolds
  3 quokkas
  3 bats
  11 frilled lizards
  14 rats
174 creatures vanquished.

Notes
Turn   | Place    | Note
-------+----------+-------------------------------------------
     0 | D:1      | snakesoul the Demonspawn Fighter began the quest for the Orb.
     0 | D:1      | Reached XP level 1. HP: 18/18 MP: 1/1
   126 | D:1      | Reached skill level 2 in Axes
   392 | D:1      | Gained mutation: You sometimes gain a little power by taking damage. [demonic ancestry]
   392 | D:1      | Reached XP level 2. HP: 17/24 MP: 2/2
   929 | D:2      | Gained mutation: When seriously injured, your bleeding wounds create armour. (AC +6) [demonic ancestry]
   929 | D:2      | Reached XP level 3. HP: 27/29 MP: 3/3
  1358 | D:2      | Found a faded altar of an unknown god.
  1656 | D:2      | Found a deep blue altar of Sif Muna.
  1811 | D:3      | Found a stormy altar of Qazlal.
  1820 | D:3      | Reached skill level 3 in Axes
  1820 | D:3      | Reached XP level 4. HP: 20/35 MP: 4/4
  2225 | D:3      | Found a glowing drain.
  2255 | Sewer    | Entered a sewer
  2450 | Sewer    | Gained mutation: You sometimes gain power by taking damage. [demonic ancestry]
  2450 | Sewer    | Reached XP level 5. HP: 37/42 MP: 5/5
  3261 | D:3      | Noticed an angel
  3262 | D:3      | Found a glowing silver altar of Zin.
  3686 | D:3      | Reached skill level 4 in Axes
  3915 | D:4      | Noticed Sigmund
  3932 | D:4      | Killed Sigmund
  3932 | D:4      | Gained mutation: You have a pair of small horns on your head. [demonic ancestry]
  3932 | D:4      | Reached XP level 6. HP: 22/49 MP: 6/6
  4376 | D:4      | Noticed Blork the orc
  4380 | D:4      | Killed Blork the orc
  4567 | D:4      | Reached skill level 5 in Axes
  4722 | D:4      | Found a sacrificial altar of Ru.
  4728 | D:4      | Gained mutation: You are slightly more attuned to the shadows. [demonic ancestry]
  4728 | D:4      | Reached XP level 7. HP: 55/55 MP: 7/7
  4871 | D:4      | Reached skill level 5 in Fighting
  4963 | D:4      | Found a staircase to the Ecumenical Temple.
  4987 | Temple   | Entered the Ecumenical Temple
  5308 | D:4      | Reached skill level 6 in Axes
  5664 | D:5      | Entered Level 5 of the Dungeon
  5745 | D:5      | Reached XP level 8. HP: 62/63 MP: 8/8
  5775 | D:5      | Found a shadowy altar of Dithmenos.
  5814 | D:5      | Found a sacrificial altar of Ru.
  5903 | D:5      | Found a hide-covered altar of Uskayaw.
  5904 | D:5      | Found a bloodstained altar of Trog.
  5906 | D:5      | Found a snail-covered altar of Cheibriados.
  5908 | D:5      | Found a stormy altar of Qazlal.
  5910 | D:5      | Found an iron altar of Okawaru.
  5913 | D:5      | Became a worshipper of Cheibriados the Contemplative
  6037 | D:5      | Reached skill level 5 in Armour
  6076 | D:5      | Got a slimy golden ring
  6077 | D:5      | Identified the ring of Roga Yt Wei {rCorr rPois MR+ Str-3 SInv} (You found it on level 5 of the Dungeon)
  6680 | D:6      | Reached * piety under Cheibriados
  6696 | D:6      | Noticed Grinder
  6716 | D:6      | Killed Grinder
  6718 | D:6      | Reached skill level 7 in Axes
  7274 | D:6      | Found a runed door.
  7545 | D:6      | Noticed Crazy Yiuf
  7550 | D:6      | Killed Crazy Yiuf
  7605 | D:7      | Gained mutation: You have a pair of horns on your head. [demonic ancestry]
  7605 | D:7      | Reached XP level 9. HP: 71/71 MP: 9/9
  7720 | D:7      | Reached skill level 8 in Axes
  7758 | D:7      | Reached ** piety under Cheibriados
  7895 | D:7      | Noticed wazuzu's ghost (novice MiMo)
  7911 | D:7      | HP: 3/72 [wazuzu's ghost (6)]
  7912 | D:7      | Mangled by wazuzu's ghost

Vault maps used:
D:1:      elethiomel_arrival_shortcut
D:2:      led_sif_pool, chequers_ecumenical_altar_island
D:3:      zin_angel, portal_sewer_entry_b, nrook_uturn, grunt_qazlal_clouds
D:4:      nicolae_ru_great_annihilating_truth, uniq_blork_the_orc, uniq_sigmund
D:5:      nicolae_dithmenos_shadow_blocks, lemuel_crystal_altar, minitemple,
          first_bread
D:6:      uniq_grinder, uniq_crazy_yiuf_cottage
D:7:      marbit_many_paths, enter_bailey_3
Temple:   jpeg_temple_island
Sewer:    sewer_frog_island_01

Skill      XL: |  1  2  3  4  5  6  7  8  9 |
---------------+----------------------------+-----
Axes           | 2 3 4 5 6 7 8 |  8.4
Armour         | 3 4 5 6 |  6.3
Fighting       | 4 5 6 7 |  7.0
Shields        | |  2.7

Action                   |  1- 3 |  4- 6 |  7- 9 || total
-------------------------+-------+-------+-------++-------
Melee: War axe           |   140 |   153 |       ||   293
       Battleaxe         |       |    53 |   303 ||   356
       Headbutt          |       |     8 |    70 ||    78
  Use: Scroll            |       |       |     1 ||     1
 Stab: Paralysed         |       |       |     1 ||     1
  Eat: Chunk             |     3 |    10 |     9 ||    22
Armor: Scale mail        |    58 |    91 |   164 ||   313
       Chain mail        |       |       |     1 ||     1
Dodge: Dodged            |    28 |    75 |   176 ||   279
Block: Shield            |    71 |    75 |       ||   146
